 Dungeon Crawl Stone Soup version 0.23.0-3-gf3c87f2df8 (webtiles) character file.

Game seed: 12567401839957499129

217 mys the Cudgeler (level 6, -1/48 HPs)
             Began as a Formicid Chaos Knight on Feb 24, 2019.
             Was a Plaything of Xom.
             Killed by divine providence
             ... invoked by an orc priest
              (12 damage)
             ... on level 3 of the Dungeon.
             The game lasted 00:07:42 (2923 turns).

mys the Cudgeler (Formicid Chaos Knight)            Turns: 2923, Time: 00:07:42

Health: -1/48      AC: 13    Str: 16    XL:     6   Next: 16%
Magic:  6/6        EV:  7    Int: 12    God:    Xom [.*....]
Gold:   243        SH:  4    Dex: 12    Spells: 5/5 levels left

rFire    . . .     SeeInvis +   a - +0 mace (chaos)
rCold    . . .     Gourm    .   (no shield)
rNeg     . . .     Faith    .   q - +1 chain mail {MR+}
rPois    .         Spirit   .   (helmet unavailable)
rElec    .         Reflect  .   n - +0 cloak
rCorr    .         Harm     .   (no gloves)
MR       +....                  (no boots)
Stlth    ..........             m - amulet of regeneration
HPRegen  0.56/turn              (no ring)
MPRegen  0.10/turn              (no ring)

@: no status effects
A: permanent stasis, dig shafts and tunnels, four strong arms, antennae 3,
iridescent scales 1, large bone plates 1, evolution 1
a: Dig, Shaft Self, Renounce Religion


You were on level 3 of the Dungeon.
You worshipped Xom.
You were a plaything of Xom.
You were not hungry.

You visited 1 branch of the dungeon, and saw 4 of its levels.

You collected 243 gold pieces.

Inventory:

Hand Weapons
 a - a +0 mace of chaos (weapon)
Missiles
 j - 17 bolts
Armour
 b - a +2 leather armour
 e - a +1 scale mail
 n - a +0 cloak (worn)
 q - a +1 chain mail of magic resistance (worn)
Jewellery
 m - an amulet of regeneration (around neck)
Wands
 o - a wand of random effects (29)
Scrolls
 k - a scroll of fear
Potions
 d - a potion of invisibility
 f - a potion of berserk rage {unknown}
 g - 8 potions of curing
 h - 2 potions of resistance
 l - a potion of brilliance {unknown}
 p - a potion of haste {unknown}
Comestibles
 c - 7 rations
 i - a chunk of flesh


   Skills:
 + Level 4.1 Fighting
 + Level 4.8 Maces & Flails
 + Level 3.9 Armour
 + Level 1.2 Dodging
 + Level 1.4 Stealth


You had 5 spell levels left.
You didn't know any spells.
Your spell library was empty.

Dungeon Overview and Level Annotations

Branches:
Dungeon (4/15)
 Temple: D:4-7

Altars:
Xom
Yredelemnul


Innate Abilities, Weirdness & Mutations

You cannot be hasted, slowed, berserked, paralysed or teleported.
You can dig through walls and to a lower floor.
Your four strong arms can wield two-handed weapons with a shield.
You have a pair of large antennae on your head. (SInv)
You are partially covered in iridescent scales. (AC +2)
You are partially covered in large bone plates. (SH +4)
You evolve.


Message History

The orc wizard hits you but does no damage.
The orc priest hits you but does no damage.
The orc wizard hits you but does no damage.
The orc hits you with a +2 short sword of electrocution.
You are electrocuted!
A shower of butterflies erupts from you!
The orc priest completely misses your butterfly.
The orc wizard miscasts a cantrip.
The orc wizard points at you and mumbles some strange words.
The magic dart hits you but does no damage.
The orc priest completely misses your butterfly.
The orc priest calls down the wrath of Beogh upon you.
Beogh smites you!
The orc wizard points at you and mumbles some strange words.
The puff of flame hits you.
* * * LOW HITPOINT WARNING * * *
The orc priest invokes the aid of Beogh against you.
Beogh smites you!
You die...
Xom bursts into laughter!

##...<....######.........##......
#...................(....##......
#........>.o..###................
..........b..####........#.......
..........b#.....................
...............b....#..####.....)
.>........###oo.......## #.>....
..........# ###....#### ####.#.
..........######@..### #.....
.....................#######.....
....######..##.###......##.......
.##.# #####.##.##................
.##.###...........#........<.....
.##.#...####...####..............
......### ##.....................
......# #..###.......#...#.....
......# #### #.#####...#.......


You could see an orc priest, an orc wizard and an orc.

Vanquished Creatures
  Natasha (thrice) (D:2)
  An iguana (D:2)
  Robin (D:2)
  An adder (D:2)
  A shadow imp (D:3)
  An ooze (D:1)
  2 worms (D:2)
  3 dart slugs
  3 leopard geckos
  An orc (D:2)
  4 bats (D:1)
  2 giant cockroaches
  14 goblins
  8 hobgoblins
  9 kobolds
  A quokka (D:3)
  A ball python (D:3)
  4 frilled lizards
  2 gnoll zombies (D:3)
  7 rats
69 creatures vanquished.

Notes
Turn   | Place    | Note
-------+----------+-------------------------------------------
     0 | D:1      | mys the Formicid Chaos Knight began the quest for the Orb.
     0 | D:1      | Reached XP level 1. HP: 18/18 MP: 1/1
    79 | D:1      | Reached XP level 2. HP: 20/24 MP: 2/2
   190 | D:1      | XOM: harmless Air miscast
   471 | D:1      | Reached XP level 3. HP: 28/29 MP: 3/3
   910 | D:1      | XOM: scenery: create altars
  1026 | D:2      | Noticed Natasha
  1034 | D:2      | You fall through a shaft!
  1036 | D:3      | Reached XP level 4. HP: 22/37 MP: 4/4
  1152 | D:3      | XOM: give mutations
  1152 | D:3      | Gained mutation: You are partially covered in large bone
                  | plates. (SH +4) [Xom's grace]
  1152 | D:3      | Gained mutation: You evolve. [Xom's grace]
  1152 | D:3      | Gained mutation: You are partially covered in iridescent
                  | scales. (AC +2) [Xom's grace]
  1313 | D:3      | XOM: cloud trail
  1386 | D:2      | XOM: confuse monster(s)
  1738 | D:2      | Reached skill level 1 in Dodging
  1796 | D:2      | XOM: god gift: 39 gold pieces
  1851 | D:2      | XOM: smoke on damage
  1853 | D:2      | Killed Natasha
  1906 | D:2      | Reached XP level 5. HP: 28/42 MP: 5/5
  2042 | D:2      | Noticed Robin
  2125 | D:2      | Killed Robin
  2131 | D:2      | Reached skill level 1 in Stealth
  2286 | D:2      | Noticed Natasha
  2293 | D:2      | Killed Natasha
  2366 | D:2      | Noticed Natasha
  2372 | D:2      | Killed Natasha
  2372 | D:2      | Reached XP level 6. HP: 40/48 MP: 6/6
  2770 | D:3      | Found a basalt altar of Yredelemnul.
  2803 | D:3      | XOM: mild Necr miscast
  2918 | D:3      | XOM: butterfly on damage
  2923 | D:3      | Killed from afar by an orc priest

Skill      XL: |  1  2  3  4  5 |
---------------+----------------+-----
Maces & Flails | 4 |  4.8
Dodging        | 1 |  1.2
Armour         | 3 |  3.9
Fighting       | 4 |  4.1
Stealth        | 1 |  1.4

Action                   |  1- 3 |  4- 6 || total
-------------------------+-------+-------++-------
Melee: Mace              |    84 |   121 ||   205
 Abil: Shaft Self        |     1 |       ||     1
  Use: Scroll            |     4 |     5 ||     9
 Stab: Paralysed         |       |     1 ||     1
  Eat: Chunk             |       |     7 ||     7
Armor: Leather armour    |     7 |       ||     7
       Scale mail        |    26 |    55 ||    81
       Chain mail        |       |     5 ||     5
Dodge: Dodged            |    39 |    42 ||    81
Block: Other             |       |    17 ||    17
